 Dungeon Crawl Stone Soup version 0.22-a0-298-g92d99f377c (webtiles) character file.

21226 Manul the Fighter (level 12, -8/102 HPs)
             Began as a Demonspawn Gladiator on Mar 25, 2018.
             Was an Initiate of Gozag.
             Killed from afar by Frances (17 damage)
             ... with an iron shot
             ... on level 12 of the Dungeon.
             The game lasted 00:14:20 (14474 turns).

Manul the Fighter (Demonspawn Gladiator)           Turns: 14474, Time: 00:14:20

Health: -8/102     AC: 19    Str: 17    XL:     12   Next: 52%
Magic:  15/15      EV: 17    Int: 11    God:    Gozag
Gold:   2035       SH:  0    Dex: 16    Spells: 11/11 levels left

rFire    + . .     SeeInvis .   x - +2 quarterstaff (drain)
rCold    . . .     Gourm    .   (shield currently unavailable)
rNeg     . . .     Faith    .   G - +0 ring mail {rF+}
rPois    .         Spirit   .   (helmet restricted)
rElec    .         Reflect  .   (no cloak)
rCorr    .         Harm     .   p - +2 pair of gloves
MR       .....                  (no boots)
Stlth    +.........             (no amulet)
HPRegen  0.27/turn              w - +4 ring of protection
MPRegen  0.14/turn              L - +3 ring of protection

@: no status effects
A: antennae 2, slimy green scales 1, spiny 2, augmentation 1, rot immunity
a: Potion Petition, Call Merchant, Bribe Branch, Renounce Religion


You were on level 12 of the Dungeon.
You worshipped Gozag.
Gozag was most pleased with you.
You were very hungry.

You visited 2 branches of the dungeon, and saw 13 of its levels.
You also visited: Ossuary.

You collected 2828 gold pieces.
You spent 104 gold pieces at shops.
You paid 689 gold pieces to Gozag.

Inventory:

Hand Weapons
 x - a +2 quarterstaff of draining (weapon)
 A - a +0 scythe
 D - a +0 glaive
Missiles
 d - a throwing net (quivered)
Armour
 p - a +2 pair of gloves (worn)
 G - a +0 ring mail of fire resistance (worn)
Jewellery
 b - an uncursed ring of ice
 r - an uncursed ring of poison resistance
 w - a +4 ring of protection (left hand)
 L - a +3 ring of protection (right hand)
 O - an uncursed amulet of the acrobat {unknown}
Wands
 a - a wand of random effects (28)
 g - a wand of iceblast (16)
 u - a wand of acid (11)
 F - a wand of enslavement (14)
 I - a wand of polymorph (7)
 J - a wand of paralysis (16)
Scrolls
 c - a scroll of summoning {unknown}
 e - 6 scrolls of random uselessness {unknown}
 h - 2 scrolls of enchant weapon
 l - 5 scrolls of teleportation
 m - 10 scrolls of identify
 o - 3 scrolls of amnesia
 v - 5 scrolls of remove curse
 y - 4 scrolls of blinking {unknown}
 E - 2 scrolls of fear
 H - a scroll of fog {unknown}
 K - a scroll of vulnerability {unknown}
 P - a scroll of silence {unknown}
Potions
 i - 2 potions of ambrosia {unknown}
 j - 3 potions of mutation {unknown}
 k - 10 potions of curing
 n - 2 potions of heal wounds
 q - 3 potions of flight
 s - 5 potions of brilliance {unknown}
 t - 8 potions of degeneration {unknown}
 z - a potion of lignification {unknown}
 B - 3 potions of might
 C - a potion of agility {unknown}
 M - a potion of cancellation {unknown}
 N - a potion of resistance {unknown}
Comestibles
 f - 12 rations


   Skills:
 + Level 12.2 Fighting
 - Level 5.2(6.5) Polearms
 - Level 5.8(6.8) Staves
 + Level 2.1 Throwing
 + Level 9.6 Armour
 + Level 9.0 Dodging
 - Level 2.0 Stealth
 - Level 5.1 Evocations


You had 11 spell levels left.
You didn't know any spells.

Dungeon Overview and Level Annotations

Branches:
Dungeon (12/15)            Temple (1/1) D:4            Lair (0/6) D:8
    Orc (0/2) D:12

Altars:
Ashenzari
Dithmenos
Fedhas
Gozag
Kikubaaqudgha
Nemelex Xobeh
Vehumet
Wu Jian
Yredelemnul

Shops:
D:4 ?   D:10 (

Annotations:
D:12 Frances, Kirke


Innate Abilities, Weirdness & Mutations

You have a pair of antennae on your head.
You are partially covered in slimy green scales. (AC +2)
You are mostly covered in sharp spines.
Your magical and physical power is slightly enhanced at high health.
You are immune to rotting.


Message History

The ice devil freezes you!!
* * * LOW HITPOINT WARNING * * *
Unknown command.
There's nothing to close nearby.
You feel much better. The ice devil completely misses you.
Frances mutters in a terrible tongue.
The shard of ice hits you!
* * * LOW HITPOINT WARNING * * *
The ice devil hits you but does no damage.
You closely miss Frances.
Frances is almost dead.
Frances misses you. The ice devil closely misses you.
The ice devil is struck by your spines. The ice devil hits you.
* * * LOW HITPOINT WARNING * * *
The ice devil freezes you!
* * * LOW HITPOINT WARNING * * *
Frances chants phrases taken from a devil's mouth.
The iron shot hits you!
You die...
Your body crumbles into a pile of gold.

......########...#....
#######..$.#..........#....
......#....#..........#...#
...<...$..............#...#
..................#...#...#
#########...........#...#...#
#...................#...#...#
#...........4########...#...#
#.......#..4@#......#...#...#
#.....$.#..@4#......# .#...#
#.....$h#....#......# #....
#....h@@#....#......# #....
#.......#....#......# #....
#.......#....#......# #....
#.......#....#......#####....
#.......#....#...............
#.......# #....).....#...#


You could see Frances, a hellwing and 2 ice devils.

Vanquished Creatures
  Josephine (D:12)
  A hydra (D:11)
  7 two-headed ogres
  The ghost of Infinimo the Martial Artist, a novice MfTm of Makhleb (D:7)
  An unseen horror (D:9)
  The ghost of mora the Skirmisher, a novice MiAK of Lugonu (D:5)
  2 ugly things (D:11)
  Psyche (D:11)
  A komodo dragon (D:11)
  5 trolls
  The ghost of dricus the Poker, an amateur MfSk (D:4)
  Prince Ribbit (D:5)
  3 slime creatures (D:12)
  2 hippogriffs
  4 wraiths
  Sigmund (D:3)
  A vampire (D:12)
  8 yaks
  3 hogs (D:12)
  Eustachio (D:6)
  2 steam dragons (D:6)
  2 hungry ghosts
  2 wargs (D:12)
  2 water moccasins
  8 orc warriors
  4 sky beasts
  3 ice beasts
  A hornet zombie (D:9)
  3 black bears
  4 phantoms
  6 ogres
  2 centaurs
  A big kobold (D:12)
  Blork the orc (D:6)
  6 bullfrogs
  A wyvern zombie (D:10)
  3 scorpions
  A troll skeleton (D:9)
  9 wights
  5 spriggan skeletons (D:9)
  3 howler monkeys
  3 centaur zombies
  A bullfrog zombie (D:10)
  3 hounds
  3 crimson imps
  4 orc priests
  6 jellies
  A gnoll shaman (D:4)
  A bullfrog skeleton (D:11)
  A centaur skeleton (D:11)
  Jessica (D:3)
  Terence (D:3)
  5 iguanas
  7 orc wizards
  10 worker ants
  A killer bee zombie (D:6)
  4 mummies (Ossuary)
  A worker ant zombie (D:11)
  11 adders
  7 gnolls
  A shadow imp (D:7)
  5 oozes (D:8)
  An adder zombie (D:6)
  An adder skeleton (D:4)
  A worm (D:3)
  4 dart slugs
  6 leopard geckos
  44 orcs
  3 ball pythons
  5 bats
  4 giant cockroaches
  3 gnoll zombies
  7 hobgoblins
  26 jackals
  3 quokkas
  4 frilled lizards
  3 goblins
  A goblin zombie (Ossuary)
  2 hobgoblin zombies (Ossuary)
  A jackal skeleton (D:4)
  7 kobolds
  A kobold zombie (Ossuary)
  A leopard gecko zombie (D:6)
  2 orc zombies (Ossuary)
  11 rats
333 creatures vanquished.

Notes
Turn   | Place    | Note
-------+----------+-------------------------------------------
     0 | D:1      | Manul the Demonspawn Gladiator began the quest for the Orb.
     0 | D:1      | Reached XP level 1. HP: 16/16 MP: 1/1
   206 | D:1      | Gained mutation: You are immune to rotting. [demonic ancestry]
   206 | D:1      | Reached XP level 2. HP: 8/22 MP: 2/2
  1003 | D:1      | Gained mutation: You have a pair of small antennae on your head. [demonic ancestry]
  1003 | D:1      | Reached XP level 3. HP: 24/27 MP: 3/3
  2011 | D:3      | Noticed Terence
  2030 | D:3      | Killed Terence
  2030 | D:3      | Gained mutation: You are partially covered in sharp spines. [demonic ancestry]
  2030 | D:3      | Reached XP level 4. HP: 27/34 MP: 4/4
  2140 | D:3      | Reached skill level 1 in Armour
  2373 | D:3      | Noticed Jessica
  2388 | D:3      | Killed Jessica
  2489 | D:3      | Gained mutation: You are partially covered in slimy green scales. (AC +2) [demonic ancestry]
  2489 | D:3      | Reached XP level 5. HP: 36/39 MP: 5/5
  2629 | D:3      | Noticed Sigmund
  2638 | D:3      | Killed Sigmund
  2638 | D:3      | Reached skill level 3 in Fighting
  2638 | D:3      | Reached skill level 1 in Stealth
  2638 | D:3      | Gained mutation: You have a pair of antennae on your head. [demonic ancestry]
  2638 | D:3      | Reached XP level 6. HP: 47/47 MP: 6/6
  2972 | D:4      | Found a shattered altar of Ashenzari.
  3061 | D:4      | Reached skill level 5 in Polearms
  3063 | D:4      | Reached skill level 1 in Staves
  3069 | D:4      | Noticed dricus's ghost (amateur MfSk)
  3187 | D:4      | Reached XP level 7. HP: 50/52 MP: 7/7
  3227 | D:4      | Found a staircase to the Ecumenical Temple.
  3242 | Temple   | Entered the Ecumenical Temple
  3280 | Temple   | Became a worshipper of Gozag Ym Sagoz the Greedy
  3519 | D:4      | Killed dricus's ghost
  3608 | D:4      | Found a sparkling altar of Nemelex Xobeh.
  3726 | D:4      | Reached skill level 4 in Fighting
  3726 | D:4      | Reached XP level 8. HP: 60/60 MP: 8/8
  3758 | D:4      | Found Olohamno's Magic Scroll Shoppe.
  3761 | D:4      | Bought a scroll of teleportation for 39 gold pieces
  3761 | D:4      | Bought a scroll of identify for 26 gold pieces
  3761 | D:4      | Bought a scroll of remove curse for 39 gold pieces
  3812 | D:5      | Entered Level 5 of the Dungeon
  3857 | D:5      | Noticed mora's ghost (novice MiAK)
  4098 | D:5      | Noticed Prince Ribbit
  4240 | D:5      | Killed mora's ghost
  4240 | D:5      | Reached skill level 5 in Staves
  4507 | D:5      | Killed Prince Ribbit
  4507 | D:5      | Reached skill level 5 in Fighting
  4608 | D:5      | Gained mutation: You are mostly covered in sharp spines. [demonic ancestry]
  4608 | D:5      | Reached XP level 9. HP: 46/68 MP: 9/9
  4934 | D:6      | Reached skill level 1 in Evocations
  4956 | D:6      | Noticed Eustachio
  4970 | D:6      | Killed Eustachio
  5086 | D:6      | Reached skill level 5 in Dodging
  5412 | D:6      | Found a radiant altar of Vehumet.
  5412 | D:6      | Found an ornate altar of the Wu Jian Council.
  5575 | D:6      | Noticed Blork the orc
  5591 | D:6      | Killed Blork the orc
  5668 | D:6      | Reached skill level 6 in Fighting
  5911 | D:6      | Reached skill level 5 in Armour
  6124 | D:7      | Noticed Infinimo's ghost (novice MfTm)
  6140 | D:7      | Killed Infinimo's ghost
  6149 | D:7      | Gained mutation: Your magical and physical power is slightly enhanced at high health. [demonic ancestry]
  6149 | D:7      | Reached XP level 10. HP: 61/77 MP: 13/13
  6177 | D:7      | Found a sand-covered staircase.
  6182 | Ossuary  | Entered an ossuary
  6490 | D:7      | Reached skill level 7 in Fighting
  6840 | D:7      | Found a basalt altar of Yredelemnul.
  7121 | D:8      | Reached skill level 5 in Evocations
  7553 | D:8      | Found a staircase to the Lair.
  7936 | D:9      | Reached skill level 8 in Fighting
  7947 | D:9      | Killed an unseen horror
  8364 | D:9      | Noticed a two-headed ogre
  8375 | D:9      | Killed a two-headed ogre
  8640 | D:9      | Noticed a two-headed ogre
  8652 | D:9      | Killed a two-headed ogre
  8652 | D:9      | Reached XP level 11. HP: 74/87 MP: 14/14
  8769 | D:9      | Reached skill level 9 in Fighting
  9247 | D:10     | Entered Level 10 of the Dungeon
  9498 | D:10     | Noticed a two-headed ogre
  9508 | D:10     | Killed a two-headed ogre
  9641 | D:10     | Noticed a two-headed ogre
  9651 | D:10     | Killed a two-headed ogre
 10370 | D:11     | Noticed a brown ugly thing
 10375 | D:11     | Killed a brown ugly thing
 10393 | D:11     | Noticed a cyan ugly thing
 10401 | D:11     | Killed a cyan ugly thing
 10401 | D:11     | Reached skill level 10 in Fighting
 10507 | D:11     | Noticed a two-headed ogre
 10514 | D:11     | Killed a two-headed ogre
 10559 | D:11     | Identified the Disquisition on Assistive Envenoming
 10756 | D:11     | Noticed a seven-headed hydra
 10763 | D:11     | Killed a seven-headed hydra
 11068 | D:11     | Noticed a two-headed ogre
 11077 | D:11     | Killed a two-headed ogre
 11510 | D:11     | Noticed Psyche
 11515 | D:11     | Reached XP level 12. HP: 98/99 MP: 15/15
 11521 | D:11     | Killed Psyche
 11602 | D:12     | Reached skill level 11 in Fighting
 11665 | D:12     | Noticed Josephine
 11687 | D:12     | Noticed a two-headed ogre
 11740 | D:12     | Killed a two-headed ogre
 12032 | D:12     | Killed Josephine
 12438 | D:12     | Found a staircase to the Orcish Mines.
 13088 | D:12     | Found a blossoming altar of Fedhas.
 13290 | D:12     | Reached skill level 12 in Fighting
 13592 | D:12     | Noticed Frances
 14023 | D:12     | Noticed Kirke
 14474 | D:12     | Killed from afar by Frances

Vault maps used:
D:1:      saegor_arrival_simple_c
D:2:      first_ration
D:3:      uniq_sigmund, uniq_jessica, uniq_terence
D:4:      nicolae_ashenzari_panopticon, temple_pool_b, serial_shops,
          kennysheep_mini, nemelex_diamond_rough_becter
D:5:      st_stairs_7, uniq_prince_ribbit1
D:6:      cheibrodos_steamvent, gammafunk_temple_overflow_pools,
          uniq_blork_the_orc, uniq_eustachio
D:7:      lemuel_zombie_altar_yredelemnul, enter_ossuary_3
D:8:      lair_entry_dummy, hangedman_little_slice_of_home
D:9:      st_stairs_13, hangedman_tell_no_tales
D:11:     feat_on_display, uniq_psyche
D:12:     erik_orc_3, basic_altar, minmay_misc_feat_x,
          kennysheep_generic_room_4, uniq_frances, uniq_josephine, uniq_kirke
Temple:   dpeg_five_rooms_temple
Ossuary:  ossuary_crypta

Skill      XL: |  1  2  3  4  5  6  7  8  9 10 11 12 |
---------------+-------------------------------------+-----
Throwing       | 2 |  2.1
Polearms       | 3 4 5 |  5.2
Dodging        | 3 4 5 7 8 9 |  9.0
Armour         | 1 2 3 5 7 8 9 |  9.6
Fighting       | 3 4 5 6 8 10 12 | 12.2
Stealth        | 1 2 |  2.0
Staves         | 1 3 5 |  5.8
Evocations     | 4 5 |  5.1

Action                   |  1- 3 |  4- 6 |  7- 9 | 10-12 || total
-------------------------+-------+-------+-------+-------++-------
Melee: Trident           |   152 |    35 |       |       ||   187
       Quarterstaff      |       |    50 |   249 |   598 ||   897
Throw: Throwing net      |       |       |       |     2 ||     2
Invok: Call Merchant     |       |       |       |     1 ||     1
       Potion Petition   |       |       |       |     1 ||     1
Evoke: Wand              |       |       |       |     4 ||     4
  Use: Scroll            |       |       |     3 |     8 ||    11
       Potion            |       |       |       |     3 ||     3
 Stab: Distracted        |     2 |       |     2 |     2 ||     6
       Sleeping          |       |       |     4 |     5 ||     9
       Held in net/web   |       |       |       |     1 ||     1
  Eat: Chunk             |     4 |     3 |     1 |       ||     8
       Ration            |       |       |     3 |     8 ||    11
Armor: Leather armour    |    22 |       |       |       ||    22
       Ring mail         |    24 |    31 |    98 |   221 ||   374
Dodge: Dodged            |    86 |    39 |   124 |   452 ||   701

Table legend:
 A = Spawn XP
 B = Non-spawn XP
 C = Spawn XP percentage of total XP
 D = Spawn monster count
 E = Non-spawn monster count
 F = Spawn count percentage of total count
 G = Total turns spent on level
                    A         B        C        D         E        F      G
               +---------+---------+-------+---------+---------+-------+---------
         Total |       0 |   30324 |   0.0 |       0 |     333 |   0.0 | 14474
               +---------+---------+-------+---------+---------+-------+---------
           D:1 |       0 |      46 |   0.0 |       0 |      25 |   0.0 |  1374
           D:2 |       0 |      33 |   0.0 |       0 |      10 |   0.0 |   616
           D:3 |       0 |     365 |   0.0 |       0 |      22 |   0.0 |   963
           D:4 |       0 |     985 |   0.0 |       0 |      32 |   0.0 |   955
           D:5 |       0 |    1381 |   0.0 |       0 |      18 |   0.0 |   948
           D:6 |       0 |    1655 |   0.0 |       0 |      28 |   0.0 |  1196
           D:7 |       0 |    2037 |   0.0 |       0 |      25 |   0.0 |   703
           D:8 |       0 |    1561 |   0.0 |       0 |      40 |   0.0 |   765
           D:9 |       0 |    4265 |   0.0 |       0 |      23 |   0.0 |  1439
          D:10 |       0 |    3576 |   0.0 |       0 |      21 |   0.0 |  1123
          D:11 |       0 |    7113 |   0.0 |       0 |      29 |   0.0 |  1623
          D:12 |       0 |    7182 |   0.0 |       0 |      48 |   0.0 |  2481
       Ossuary |       0 |     125 |   0.0 |       0 |      12 |   0.0 |   216
               +---------+---------+-------+---------+---------+-------+---------
